 Dungeon Crawl Stone Soup version 0.29.0-13-gc9e81de378 (webtiles) character file.

Game seed: 2053454638850473013

37057 sleeves the Grappler (level 13, -13/122 HPs)
             Began as a Troll Brigand on Sept 8, 2022.
             Was an Initiate of Ru.
             Mangled by a very large slime creature (49 damage)
             ... on level 14 of the Dungeon.
             The game lasted 00:39:53 (14556 turns).

sleeves the Grappler (Troll Brigand)               Turns: 14556, Time: 00:39:53

Health: -13/122    AC:  8    Str: 26    XL:     13   Next: 56%
Magic:  12/12      EV: 10    Int:  5    God:    Ru [......]
Gold:   986        SH:  9    Dex: 11    Spells: 12/12 levels left

rFire   . . .      SeeInvis .     - Unarmed
rCold   . . .      Faith    .   C - +0 kite shield
rNeg    + . .      Spirit   .   E - +0 troll leather armour
rPois   .          Reflect  .   P - +0 hat {Stlth+}
rElec   .          Harm     .   c - +0 cloak
rCorr   +          Rampage  .   (gloves unavailable)
Will    .....                   (boots unavailable)
Stlth   +++.......              D - amulet of regeneration
HPRegen 2.70/turn               r - ring of positive energy
MPRegen 0.13/turn               q - ring of resist corrosion

@: about to teleport, studying Axes
A: large, unfitting armour, claws 3, dopey 1, regeneration 1, shaggy fur 1,
tough skin 1
a: Renounce Religion


You were on level 14 of the Dungeon.
You worshipped Ru.
Ru was noncommittal.
You visited 2 branches of the dungeon, and saw 15 of its levels.
You also visited: Gauntlet.

You collected 986 gold pieces.

Inventory:

Hand Weapons
 U - a +2 scimitar of flaming
   (You took it off an efreet on level 13 of the Dungeon)
Missiles
 d - 18 poisoned darts
 e - 10 curare-tipped darts
 F - 4 javelins
 I - 6 silver javelins
 K - 9 boomerangs (quivered)
 N - a throwing net
 S - 18 large rocks
Armour
 c - a +0 cloak (worn)
 x - +0 acid dragon scales
   (You took it off Maggie on level 7 of the Dungeon)
 C - a +0 kite shield (worn)
   (You found it on level 5 of the Dungeon)
 E - a +0 troll leather armour (worn)
   (You found it on level 7 of the Dungeon)
 P - a +0 hat of stealth (worn)
   (You found it on level 10 of the Dungeon)
 R - a +2 robe of fire resistance
   (You took it off Psyche on level 10 of the Dungeon)
Jewellery
 a - the ring of the Trout {rPois rC- Dex+5 SInv}
   (You found it in a Gauntlet)

   [ring of see invisible]

   Dex:       It affects your dexterity (+5).
   rC:        It makes you vulnerable to cold.
   rPois:     It protects you from poison.
   SInv:      It lets you see invisible.
 l - a ring of see invisible
   (You found it on level 2 of the Dungeon)
 q - a ring of resist corrosion (right claw)
   (You found it on level 7 of the Dungeon)
 r - a ring of positive energy (left claw)
   (You found it on level 3 of the Dungeon)
 D - an amulet of regeneration (around neck)
   (You found it on level 7 of the Dungeon)
 O - a ring of protection from fire
   (You took it off a minotaur in a Gauntlet)
Wands
 n - a wand of digging (16)
   (You found it on level 9 of the Dungeon)
 w - a wand of charming (10)
   (You found it on level 4 of the Dungeon)
 y - a wand of roots (11)
   (You found it on level 5 of the Dungeon)
 A - a wand of polymorph (6)
   (You took it off a gnoll sergeant on level 7 of the Dungeon)
 G - a wand of quicksilver (3)
   (You found it on level 8 of the Dungeon)
 M - a wand of flame (16)
   (You found it on level 11 of the Dungeon)
Scrolls
 k - 5 scrolls of enchant weapon
 m - 2 scrolls of brand weapon
 o - 2 scrolls of torment
 p - 4 scrolls of amnesia
 s - 4 scrolls of teleportation
 u - 4 scrolls of silence
 v - 3 scrolls of blinking
 B - 2 scrolls of enchant armour
 H - 3 scrolls of butterflies
 L - a scroll of magic mapping
 T - 2 scrolls of poison {unknown}
 V - a scroll of identify
Potions
 b - 3 potions of cancellation
 f - 5 potions of curing
 g - 8 potions of lignification
 h - 4 potions of mutation
 i - 3 potions of haste
 j - 3 potions of flight
 t - 3 potions of might
 z - 2 potions of brilliance
 J - a potion of magic {unknown}
 Q - 2 potions of heal wounds


   Skills:
 + Level 6.5 Fighting
 - Level 1.5 Short Blades
 - Level 13.0 Throwing
 + Level 6.2 Armour
 + Level 6.3 Dodging
 - Level 2.1 Stealth
 - Level 8.2 Shields
 + Level 14.0 Unarmed Combat


You had 12 spell levels left.
You didn't know any spells.
Your spell library contained the following spells:

 Spells                   Type           Power      Damage    Failure   Level
 Foxfire                  Conj/Fire      0%         2x1d4     75%         1
 Magic Dart               Conj           0%         1d3       75%         1
 Blink                    Tloc           0%         N/A       87%         2
 Call Imp                 Summ           0%         N/A       87%         2
 Searing Ray              Conj           0%         2d4       87%         2
 Conjure Flame            Conj/Fire      0%         6-21      98%         3
 Gell's Gravitas          Tloc           0%         N/A       98%         3
 Inner Flame              Hex/Fire       0%         N/A       98%         3
 Lesser Beckoning         Tloc           0%         N/A       98%         3
 Mephitic Cloud           Conj/Pois/Air  0%         N/A       98%         3
 Teleport Other           Tloc           0%         N/A       98%         3
 Tukima's Dance           Hex            0%         N/A       98%         3
 Vampiric Draining        Necr           0%         2d6       98%         3
 Airstrike                Air            0%         2d(0-16)  100%        4
 Anguish                  Hex/Necr       0%         N/A       100%        4
 Animate Dead             Necr           0%         N/A       100%        4
 Dispel Undead            Necr           0%         3d6       100%        4
 Flame Wave               Conj/Fire      0%         2d4       100%        4
 Fulminant Prism          Conj/Hex       0%         3d6       100%        4
 Passage of Golubria      Tloc           0%         N/A       100%        4
 Summon Lightning Spire   Summ/Air       0%         N/A       100%        4
 Lightning Bolt           Conj/Air       0%         1d11      100%        5
 Manifold Assault         Tloc           0%         N/A       100%        5
 Yara's Violent Unravell  Hex/Tmut       0%         3d3       100%        5
 Enfeeble                 Hex            0%         N/A       100%        7
 Summon Horrible Things   Summ           0%         N/A       100%        8


Dungeon Overview and Level Annotations

Branches:
Dungeon (14/15)            Temple (1/1) D:5            Lair (0/5) D:10
    Orc (0/2) D:12         Vaults (0/5) D:13        Gauntlet (visited)

Altars:
Ashenzari
Cheibriados
Dithmenos
Elyvilon
Fedhas
Gozag
Hepliaklqana
Kikubaaqudgha
Makhleb
Nemelex Xobeh
Okawaru
Qazlal
Ru
Sif Muna
Trog
Uskayaw
Vehumet
Wu Jian
Xom
Yredelemnul
Zin
The Shining One

Shops:
D:2 (

Annotations:
D:5 1 runed translucent door, nshep25's ghost, novice DrCj


Innate Abilities, Weirdness & Mutations

You are too large for most types of armour.
You have claws for hands.
You are dopey. (Int -2)
Your natural rate of healing is unusually fast.
You are covered in fur. (AC +1)
You have tough skin. (AC +1)


Message History

You open the door. You open the door.
There is an open door here.
You open the door.
There is an open door here.
U - 3 scrolls of identify (gained 1)
You now have 890 gold pieces (gained 10).
You open the door.
Found an escape hatch in the ceiling.
There is an open door here.
There is an escape hatch in the ceiling here.
You open the door.
There is an open door here.
Found a stone staircase leading down.
As you read the scroll of identify, it crumbles to dust.
H - 3 scrolls of butterflies
As you read the scroll of identify, it crumbles to dust.
j - 3 potions of flight
As you read the scroll of identify, it crumbles to dust.
L - a scroll of magic mapping
Found a stone staircase leading down.
t - 2 potions of might (gained 1)
You open the door.
There is an open door here.
t - 3 potions of might (gained 1)
There is an open door here.
There is a stone staircase leading down here.
You open the door.
There is an open door here.
You open the door.
Found a stone staircase leading down.
Found a battleaxe.
There is an open door here.
Found a falchion.
There is a stone staircase leading down here.
You see here a +0 mace of holy wrath.
i - 3 potions of haste (gained 1)
You open the large door.
A guardian serpent and a skeletal warrior come into view.
Found a scroll of enchant armour.
The guardian serpent shouts!
The guardian serpent hits you but does no damage.
The guardian serpent attacks as you move away!
You block the guardian serpent's attack.
You block the guardian serpent's attack.
The guardian serpent attacks as you move away!
The guardian serpent closely misses you.
The guardian serpent attacks as you move away!
The guardian serpent hits you.
You block the guardian serpent's attack.
The guardian serpent hits you!
The guardian serpent hits you but does no damage.
You block the guardian serpent's attack.
You block the guardian serpent's attack.
The guardian serpent attacks as you move away!
The guardian serpent hits you!
You block the guardian serpent's attack.
There is an open door here.
The guardian serpent hits you but does no damage.
You mangle the guardian serpent!!
The guardian serpent is severely wounded.
You block the guardian serpent's attack.
You claw the guardian serpent!
The guardian serpent is severely wounded.
The guardian serpent hits you!
You closely miss the guardian serpent.
The guardian serpent is severely wounded.
The guardian serpent barely misses you. The guardian serpent hits you!
You scratch the guardian serpent.
The guardian serpent is severely wounded.
The guardian serpent hits you.
You mangle the guardian serpent!!
You kill the guardian serpent!
The guardian serpent's shape twists and changes as it dies.
You have reached level 13!
You mangle the skeletal warrior!!
The skeletal warrior is heavily damaged.
The skeletal warrior hits you but does no damage.
You barely miss the skeletal warrior.
The skeletal warrior is heavily damaged.
You mangle the skeletal warrior!!
The skeletal warrior is almost destroyed.
The skeletal warrior completely misses you.
You mangle the skeletal warrior!!
You destroy the skeletal warrior!
No target in view!
No target in view!
No target in view!
No target in view!
No target in view!
No target in view!
No target in view!
No target in view!
No target in view!
No target in view!
No target in view!
No target in view!
No target in view!
There is an open door, spattered with blood here.
Things that are here:
a +0 hand axe; a shapeshifter corpse
There is a large open door here.
B - 2 scrolls of enchant armour (gained 1)
There is a large open door here.
You open the large door.
A cyclops and a white ugly thing come into view.
Found a scroll labelled SIULIGR WIHAIM.
There are monsters nearby!
There are monsters nearby!
There is a large open door here.
You start waiting.
A cyclops is nearby!
The cyclops barely misses you.
There is a large open door here.
You scratch the cyclops but do no damage.
You mangle the cyclops!!
The cyclops is heavily wounded.
The cyclops hits you!!
You mangle the cyclops!!
You kill the cyclops!
No target in view!
No target in view!
You start resting.
A white ugly thing is nearby!
You start resting.
A white ugly thing is nearby!
You throw a boomerang.
The boomerang closely misses the white ugly thing.
You claw the white ugly thing!
The white ugly thing is moderately wounded.
You block the white ugly thing's attack.
You barely miss the white ugly thing.
The white ugly thing is moderately wounded.
You scratch the white ugly thing but do no damage.
The white ugly thing is moderately wounded.
The white ugly thing barely misses you.
You mangle the white ugly thing!!
The white ugly thing is heavily wounded.
You block the white ugly thing's attack.
You claw the white ugly thing!
The white ugly thing is severely wounded.
You block the white ugly thing's attack.
You mangle the white ugly thing!!
You kill the white ugly thing!
Your Throwing skill increases to level 13!
No target in view!
No target in view!
There is a large open door, spattered with blood here.
You see here an ugly thing corpse.
S - 8 large rocks (gained 5)
There is a large open door here.
T - 2 scrolls labelled SIULIGR WIHAIM (gained 1)
There is a large open door here.
Found a gate to the Vaults.
You see here a +1 dagger of draining.
You open the door.
There is an open door here.
Found a stone staircase leading up.
As you open the door, it creaks loudly!
Found 21 gold pieces and a potion of attraction.
There is an open door here.
You now have 911 gold pieces (gained 21).
You open the door.
There is an open door here.
You open the door.
There is an open door here.
A deep elf pyromancer comes into view. It is wielding a +0 dagger.
A deep elf pyromancer is nearby!
The helpless deep elf pyromancer fails to defend itself.
You eviscerate the deep elf pyromancer!!!
The deep elf pyromancer is almost dead.
The deep elf pyromancer hits you with a +0 dagger.
You barely miss the deep elf pyromancer.
The deep elf pyromancer is almost dead.
You block the deep elf pyromancer's attack.
You scratch the deep elf pyromancer.
You kill the deep elf pyromancer!
No target in view!
You see here a +0 dagger.
You open the door.
There is an open door here.
You open the door.
There is an open door here.
You open the door.
A deep elf pyromancer comes into view. It is wielding a +0 rapier.
The deep elf pyromancer shouts!
There is an open door here.
A deep elf pyromancer is nearby!
A deep elf pyromancer is nearby!
Found a potion of lignification and a club.
You claw the deep elf pyromancer!
The deep elf pyromancer is moderately wounded.
The deep elf pyromancer hits you with a +0 rapier!
You claw the deep elf pyromancer!
The deep elf pyromancer is heavily wounded.
You block the deep elf pyromancer's attack.
You claw the deep elf pyromancer!
The deep elf pyromancer is severely wounded.
You claw the deep elf pyromancer!
You kill the deep elf pyromancer!
No target in view!
No target in view!
HP restored.
g - 7 potions of lignification (gained 1)
Found an escape hatch in the floor.
b - 3 potions of cancellation (gained 1)
A cyclops is nearby!
A cyclops is nearby!
You mangle the cyclops!!
The cyclops is severely wounded.
The ironbound preserver shouts!
You scratch the cyclops.
The cyclops is severely wounded.
The cyclops hits you!!
You scratch the cyclops.
The cyclops is severely wounded.
You mangle the cyclops!!
You kill the cyclops!
The vampire mumbles some strange words.
The vampire flickers and vanishes for a moment.
You scratch the ironbound preserver but do no damage.
You mangle the ironbound preserver!!
The ironbound preserver is moderately wounded.
You block the ironbound preserver's attack.
You mangle the ironbound preserver!!
The ironbound preserver is heavily wounded.
The ironbound preserver hits you with a +0 great mace!
You mangle the ironbound preserver!!
The ironbound preserver is heavily wounded.
The ironbound preserver closely misses you.
You mangle the ironbound preserver!!
The ironbound preserver is severely wounded.
You block the ironbound preserver's attack.
You mangle the ironbound preserver!!
The ironbound preserver is almost dead.
The ironbound preserver completely misses you.
You claw the ironbound preserver!
You kill the ironbound preserver!
You block the vampire's attack.
The vampire bites you but does no damage.
Things that are here:
a +0 great mace; a +0 leather armour; a human corpse You mangle the vampire!!
The vampire is almost destroyed.
The vampire hits you but does no damage.
You block the vampire's attack.
You claw the vampire!
You destroy the vampire!
No target in view!
No target in view!
No target in view!
No target in view!
S - 11 large rocks (gained 3)
You open the large door.
A manticore and an efreet come into view.
The efreet is wielding a +2 scimitar of flaming.
You throw a boomerang. The boomerang hits the manticore!
The manticore is moderately wounded.
There is a large open door here.
The manticore flicks its tail.
The volley of spikes hits you!
The barbed spikes become lodged in your body.
You close the large door.
You start resting.
You carefully extract the barbed spikes from your body.
You start resting.
HP restored.
You open the large door.
The manticore flicks its tail.
The volley of spikes hits you!
The barbed spikes become lodged in your body.
You throw a boomerang. The boomerang hits the manticore!
The manticore is heavily wounded.
You scratch the manticore.
The manticore is heavily wounded.
You claw the manticore!
The manticore is severely wounded.
The manticore misses you. The manticore closely misses you.
You block the manticore's attack.
You barely miss the manticore.
The manticore is severely wounded.
You block the manticore's attack. The manticore claws you!
You block the manticore's attack.
You scratch the manticore but do no damage.
The manticore is severely wounded.
The manticore bites you. The manticore claws you.
You block the manticore's attack.
The efreet hits you with a +2 scimitar of flaming!
The efreet burns you.
You scratch the manticore.
The manticore is severely wounded.
You block the manticore's attack. The manticore misses you.
The manticore closely misses you.
The efreet hits you with a +2 scimitar of flaming.
The efreet burns you.
You barely miss the manticore.
The manticore is severely wounded.
You block the manticore's attack. The manticore barely misses you.
You block the manticore's attack. You block the efreet's attack.
You claw the manticore!
You kill the manticore!
You carefully extract the barbed spikes from your body.
You mangle the efreet!!
The efreet is almost dead.
The efreet closely misses you.
You scratch the efreet.
The efreet is almost dead.
The efreet gestures at you.
The fireball explodes!
The fireball engulfs you!!
The fireball engulfs the efreet.
The efreet completely resists.
You mangle the efreet!!
You kill the efreet!
There is a large open door here.
You see here a +2 scimitar of flaming.
U - a +2 scimitar of flaming
Found a ring mail.
There is an open door here.
There is a stone staircase leading up here.
There is an open door here.
As you open the door, it creaks loudly!
There is an open door here.
You open the door.
There is an open door here.
There is an open door here.
There is an open door here.
There is an open door here.
There is an open door here.
f - 5 potions of curing (gained 1) Done exploring.
Done exploring.
Done exploring.
Done exploring.
(D) Dungeon (T) Temple (L) Lair (O) Orcish Mines (V) Vaults
Where to? (Enter - D:13, ? - help)
There is an open door here.
There is an escape hatch in the ceiling here.
There is an open door here.
There is a stone staircase leading down here.
You climb downwards.
Found a stone staircase leading down.
There is a stone staircase leading up here.
You are a level 13 Troll Brigand.
You are 23% of the way to level 14.
Play time: 00:35:37 (13668 turns).
Zot will find you in 26999 turns if you stay in this branch and explore no new floors.
You now have 926 gold pieces (gained 15).
Key pressed, stopping explore.
Found a stone staircase leading down.
You now have 949 gold pieces (gained 23). 3 skeletal warriors come into view.
The skeletal warrior attacks as you move away!
The skeletal warrior closely misses you.
You claw the skeletal warrior!
The skeletal warrior is lightly damaged.
You scratch the skeletal warrior but do no damage.
The skeletal warrior is lightly damaged.
The skeletal warrior hits you with a +0 hand axe!!
You closely miss the skeletal warrior.
The skeletal warrior is lightly damaged.
The skeletal warrior closely misses you.
You scratch the skeletal warrior but do no damage.
The skeletal warrior is lightly damaged.
The skeletal warrior hits you with a +0 hand axe!
You closely miss the skeletal warrior.
The skeletal warrior is lightly damaged.
The skeletal warrior hits you with a +0 hand axe.
You barely miss the skeletal warrior.
The skeletal warrior is lightly damaged.
The skeletal warrior hits you with a +0 hand axe!!
You are too injured to fight recklessly!
You are too injured to fight recklessly!
You are too injured to fight recklessly!
You are too injured to fight recklessly!
You are too injured to fight recklessly!
You are too injured to fight recklessly!
You are too injured to fight recklessly!
You are too injured to fight recklessly!
You are too injured to fight recklessly!
You are too injured to fight recklessly!
You are too injured to fight recklessly!
You are too injured to fight recklessly!
You are too injured to fight recklessly!
You are too injured to fight recklessly!
You are too injured to fight recklessly!
You are too injured to fight recklessly!
You are too injured to fight recklessly!
You are too injured to fight recklessly!
You claw the skeletal warrior!
The skeletal warrior is moderately damaged.
You block the skeletal warrior's attack.
You closely miss the skeletal warrior.
The skeletal warrior is moderately damaged.
You barely miss the skeletal warrior.
The skeletal warrior is moderately damaged.
The skeletal warrior hits you with a +0 hand axe!!
You claw the skeletal warrior!
The skeletal warrior is heavily damaged.
The skeletal warrior closely misses you.
You scratch the skeletal warrior but do no damage.
The skeletal warrior is heavily damaged.
You block the skeletal warrior's attack.
You mangle the skeletal warrior!!
The skeletal warrior is almost destroyed.
The skeletal warrior hits you with a +0 hand axe.
You mangle the skeletal warrior!!
You destroy the skeletal warrior!
Your Fighting skill increases to level 6!
You scratch the skeletal warrior.
The skeletal warrior is lightly damaged.
You block the skeletal warrior's attack.
You scratch the skeletal warrior but do no damage.
The skeletal warrior is lightly damaged.
You barely miss the skeletal warrior.
The skeletal warrior is lightly damaged.
The skeletal warrior hits you with a +0 long sword!
You mangle the skeletal warrior!!
The skeletal warrior is heavily damaged.
The skeletal warrior hits you with a +0 long sword!!
* * * LOW HITPOINT WARNING * * *
You scratch the skeletal warrior but do no damage.
The skeletal warrior is heavily damaged.
The skeletal warrior hits you with a +0 long sword!!
* * * LOW HITPOINT WARNING * * *
You scratch the skeletal warrior but do no damage.
The skeletal warrior is heavily damaged.
You block the skeletal warrior's attack.
You closely miss the skeletal warrior.
The skeletal warrior is heavily damaged.
The skeletal warrior closely misses you.
You mangle the skeletal warrior!!
The skeletal warrior is almost destroyed.
The skeletal warrior completely misses you.
You completely miss the skeletal warrior.
The skeletal warrior is almost destroyed.
You scratch the skeletal warrior but do no damage.
The skeletal warrior is almost destroyed.
The skeletal warrior hits you with a +0 long sword!!
* * * LOW HITPOINT WARNING * * *
You feel much better. The skeletal warrior barely misses you.
You closely miss the skeletal warrior.
The skeletal warrior is almost destroyed.
The skeletal warrior barely misses you.
You scratch the skeletal warrior but do no damage.
The skeletal warrior is almost destroyed.
The skeletal warrior hits you with a +0 long sword.
* * * LOW HITPOINT WARNING * * *
You closely miss the skeletal warrior.
The skeletal warrior is almost destroyed.
The skeletal warrior hits you with a +0 long sword!
* * * LOW HITPOINT WARNING * * *
You completely miss the skeletal warrior.
The skeletal warrior is almost destroyed.
You block the skeletal warrior's attack.
You barely miss the skeletal warrior.
The skeletal warrior is almost destroyed.
You mangle the skeletal warrior!!
You destroy the skeletal warrior!
Okay, then.
HP restored.
Things that are here:
a +0 long sword; a +0 hand axe A skeletal warrior is nearby!
A skeletal warrior is nearby!
You throw a boomerang.
The boomerang hits the skeletal warrior.
The skeletal warrior is lightly damaged.
You throw a boomerang.
The boomerang hits the skeletal warrior.
The skeletal warrior is lightly damaged.
A skeletal warrior comes into view. It is wielding a +0 halberd.
You throw a boomerang.
The boomerang hits the skeletal warrior but does no damage.
The skeletal warrior is lightly damaged.
Found a stone staircase leading up.
The skeletal warrior hits you with a +0 war axe.
The skeletal warrior closely misses you.
Found a robe.
The skeletal warrior attacks as you move away!
You block the skeletal warrior's attack.
There is a stone staircase leading up here.
The skeletal warrior closely misses you.
You climb upwards.
There is a stone staircase leading down here.
You claw the skeletal warrior!
The skeletal warrior is moderately damaged.
You block the skeletal warrior's attack.
You claw the skeletal warrior!
The skeletal warrior is moderately damaged.
The skeletal warrior hits you with a +0 war axe.
You closely miss the skeletal warrior.
The skeletal warrior is moderately damaged.
You scratch the skeletal warrior but do no damage.
The skeletal warrior is moderately damaged.
The skeletal warrior hits you with a +0 war axe!
You mangle the skeletal warrior!!
The skeletal warrior is severely damaged.
The skeletal warrior hits you with a +0 war axe!!
You mangle the skeletal warrior!!
You destroy the skeletal warrior!
No target in view!
No target in view!
No target in view!
No target in view!
No target in view!
No target in view!
No target in view!
No target in view!
No target in view!
No target in view!
No target in view!
No target in view!
No target in view!
No target in view!
HP restored.
Done exploring.
Done exploring.
You climb downwards.
The skeletal warrior hits you with a +0 halberd!!
There is a stone staircase leading up, spattered with blood here.
You mangle the skeletal warrior!!
The skeletal warrior is moderately damaged.
The skeletal warrior hits you but does no damage.
You claw the skeletal warrior!
The skeletal warrior is heavily damaged.
You block the skeletal warrior's attack.
You scratch the skeletal warrior but do no damage.
The skeletal warrior is heavily damaged.
The skeletal warrior closely misses you.
You scratch the skeletal warrior but do no damage.
The skeletal warrior is heavily damaged.
The skeletal warrior hits you with a +0 halberd!
You closely miss the skeletal warrior.
The skeletal warrior is heavily damaged.
You claw the skeletal warrior!
The skeletal warrior is severely damaged.
The skeletal warrior closely misses you.
You claw the skeletal warrior!
The skeletal warrior is almost destroyed.
The skeletal warrior closely misses you.
You closely miss the skeletal warrior.
The skeletal warrior is almost destroyed.
The skeletal warrior misses you.
You completely miss the skeletal warrior.
The skeletal warrior is almost destroyed.
The skeletal warrior hits you with a +0 halberd!
You claw the skeletal warrior!
The skeletal warrior is almost destroyed.
The skeletal warrior completely misses you.
You mangle the skeletal warrior!!
You destroy the skeletal warrior!
No target in view!
No target in view!
No target in view!
No target in view!
No target in view!
No target in view!
No target in view!
No target in view!
No target in view!
HP restored.
Found a rapier.
A cyan ugly thing comes into view.
A cyan ugly thing is nearby!
You throw a boomerang. The boomerang hits the cyan ugly thing!
The cyan ugly thing gurgles horribly!
The cyan ugly thing is moderately wounded.
You hear a horrible gurgling sound! x2
You throw a boomerang.
The boomerang closely misses the cyan ugly thing.
A cyan ugly thing comes into view. x2
The cyan ugly thing basks in the mutagenic energy from its kin and changes!
A cyan ugly thing comes into view.
There is a stone staircase leading up, spattered with blood here.
You throw a boomerang.
The boomerang closely misses the purple ugly thing.
You throw a boomerang.
The boomerang hits the purple ugly thing!
The purple ugly thing is moderately wounded.
You throw a boomerang.
The boomerang completely misses the purple ugly thing.
You throw a boomerang.
The boomerang barely misses the purple ugly thing.
You throw a boomerang.
The boomerang hits the purple ugly thing.
The purple ugly thing is heavily wounded.
You throw a boomerang.
The boomerang closely misses the purple ugly thing.
You scratch the purple ugly thing but do no damage.
The purple ugly thing is heavily wounded.
The purple ugly thing stings you!
You scratch the purple ugly thing.
The purple ugly thing is heavily wounded.
You closely miss the purple ugly thing.
The purple ugly thing is heavily wounded.
You block the purple ugly thing's attack.
You block the cyan ugly thing's attack.
The cyan ugly thing gurgles horribly! x2
You scratch the purple ugly thing.
The purple ugly thing is heavily wounded.
You hear a horrible gurgling sound!
The purple ugly thing closely misses you.
You block the cyan ugly thing's attack.
The purple ugly thing basks in the mutagenic energy from its kin and changes!
The cyan ugly thing engulfs you. The cyan ugly thing shocks you!
You climb upwards.
There is a stone staircase leading down, spattered with blood here.
You block the cyan ugly thing's attack. You block the cyan ugly thing's attack.
The cyan ugly thing attacks as you move away!
The cyan ugly thing closely misses you.
The cyan ugly thing attacks as you move away!
The cyan ugly thing trunk-slaps you. The cyan ugly thing shocks you!
The cyan ugly thing attacks as you move away!
The cyan ugly thing engulfs you but does no damage.
The cyan ugly thing attacks as you move away!
The cyan ugly thing closely misses you.
The cyan ugly thing attacks as you move away!
The cyan ugly thing trunk-slaps you but does no damage.
There is an open door here.
The cyan ugly thing trunk-slaps you. The cyan ugly thing shocks you!
There is an open door, spattered with blood here.
You see here a +0 hand axe.
You claw the cyan ugly thing!
The cyan ugly thing is heavily wounded.
You barely miss the cyan ugly thing.
The cyan ugly thing is heavily wounded.
The cyan ugly thing barely misses you.
You mangle the cyan ugly thing!!
The cyan ugly thing is almost dead.
You block the cyan ugly thing's attack.
You scratch the cyan ugly thing but do no damage.
The cyan ugly thing is almost dead.
The cyan ugly thing trunk-slaps you! The cyan ugly thing shocks you!
You are too injured to fight recklessly!
You are too injured to fight recklessly!
You are too injured to fight recklessly!
You are too injured to fight recklessly!
You are too injured to fight recklessly!
You are too injured to fight recklessly!
You are too injured to fight recklessly!
You are too injured to fight recklessly!
You are too injured to fight recklessly!
You are too injured to fight recklessly!
You are too injured to fight recklessly!
You are too injured to fight recklessly!
You are too injured to fight recklessly!
You are too injured to fight recklessly!
You are too injured to fight recklessly!
You are too injured to fight recklessly!
You are too injured to fight recklessly!
You are too injured to fight recklessly!
You are too injured to fight recklessly!
You're wearing all the rings you can.
Remove which one? (? for menu, Esc to cancel) < or
a - the ring of the Trout {rPois rC- Dex+5 SInv} > or
q - a ring of resist corrosion You remove the ring of the Trout {rPois rC- Dex+5 SInv}.
The cyan ugly thing trunk-slaps you! The cyan ugly thing shocks you!
* * * LOW HITPOINT WARNING * * *
r - a ring of positive energy (left claw)
The cyan ugly thing basks in the mutagenic energy from its kin and changes!
You barely miss the cyan ugly thing.
The cyan ugly thing is almost dead.
The cyan ugly thing trunk-slaps you but does no damage.
You claw the cyan ugly thing!
The cyan ugly thing is almost dead.
The cyan ugly thing trunk-slaps you!
* * * LOW HITPOINT WARNING * * *
The cyan ugly thing shocks you!
* * * LOW HITPOINT WARNING * * *
You scratch the cyan ugly thing.
You kill the cyan ugly thing!
Your Dodging skill increases to level 6!
You scratch the brown ugly thing.
The brown ugly thing is lightly wounded.
You block the brown ugly thing's attack.
You barely miss the brown ugly thing.
The brown ugly thing is lightly wounded.
You block the brown ugly thing's attack.
You mangle the brown ugly thing!!
The brown ugly thing is moderately wounded.
You closely miss the brown ugly thing.
The brown ugly thing is moderately wounded.
The brown ugly thing tail-slaps you but does no damage.
You mangle the brown ugly thing!!
The brown ugly thing is severely wounded.
The brown ugly thing tail-slaps you but does no damage.
You closely miss the brown ugly thing.
The brown ugly thing is severely wounded.
The brown ugly thing tail-slaps you but does no damage.
You claw the brown ugly thing!
The brown ugly thing is almost dead.
You block the brown ugly thing's attack.
You claw the brown ugly thing!
You kill the brown ugly thing!
HP restored.
Done exploring.
Done exploring.
Done exploring.
Done exploring.
Done exploring.
Done exploring.
Done exploring.
Done exploring.
Done exploring.
Done exploring.
(D) Dungeon (T) Temple (L) Lair (O) Orcish Mines (V) Vaults
Where to? (Enter - D:14, ? - help)
There is a stone staircase leading down here.
You climb downwards.
There is a stone staircase leading up here.
There is a stone staircase leading up here.
A boulder beetle comes into view.
A boulder beetle is nearby!
A boulder beetle is nearby!
You throw a boomerang.
The boomerang hits the boulder beetle but does no damage.
The boulder beetle leaps!
No target in view!
A boulder beetle is nearby!
You throw a boomerang. The boomerang hits the boulder beetle!
The boulder beetle is moderately wounded.
You throw a boomerang. The boomerang hits the boulder beetle!
The boulder beetle is heavily wounded.
The boulder beetle curls into a ball and begins rolling!
You throw a boomerang. The boomerang hits the boulder beetle!
The boulder beetle is heavily wounded.
You throw a boomerang. The boomerang hits the boulder beetle!
The boulder beetle is severely wounded.
You throw a boomerang. The boomerang hits the boulder beetle.
The boulder beetle is severely wounded.
You throw a boomerang.
The boomerang completely misses the boulder beetle.
You scratch the boulder beetle.
The boulder beetle is severely wounded.
The boulder beetle hits you!!
The boulder beetle stops rolling and uncurls.
You claw the boulder beetle!
The boulder beetle is almost dead.
The boulder beetle leaps!
The boulder beetle leaps!
A boulder beetle is nearby!
You throw a boomerang. The boomerang hits the boulder beetle!!
You kill the boulder beetle!
Your Armour skill increases to level 6!
HP restored.
You now have 958 gold pieces (gained 9).
A skeletal warrior comes into view. It is wielding a +1 vorpal dire flail.
The skeletal warrior moves out of view.
You throw a boomerang.
The boomerang hits the skeletal warrior.
The skeletal warrior is lightly damaged.
You throw a boomerang.
The boomerang hits the skeletal warrior but does no damage.
The skeletal warrior is lightly damaged.
You throw a boomerang.
The boomerang hits the skeletal warrior!
The skeletal warrior is moderately damaged.
You throw a boomerang.
The boomerang closely misses the skeletal warrior.
You throw a boomerang.
The boomerang barely misses the skeletal warrior.
You throw a boomerang.
The boomerang hits the skeletal warrior!
The skeletal warrior is heavily damaged.
You scratch the skeletal warrior.
The skeletal warrior is severely damaged.
You block the skeletal warrior's attack.
You claw the skeletal warrior!
The skeletal warrior is almost destroyed.
You block the skeletal warrior's attack.
You claw the skeletal warrior!
The skeletal warrior is almost destroyed.
You block the skeletal warrior's attack.
You scratch the skeletal warrior.
You destroy the skeletal warrior!
No target in view!
No target in view!
You see here a +1 vorpal dire flail.
g - 8 potions of lignification (gained 1)
You now have 968 gold pieces (gained 10).
Found an escape hatch in the ceiling.
Found an escape hatch in the floor.
Q - 2 potions of heal wounds (gained 1)
There is an escape hatch in the ceiling here.
A cyclops comes into view.
The cyclops shouts!
A cyclops is nearby!
You scratch the cyclops.
The cyclops is lightly wounded.
You mangle the cyclops!!
The cyclops is heavily wounded.
You block the cyclops's attack.
You scratch the cyclops.
The cyclops is heavily wounded.
The cyclops hits you!!
You barely miss the cyclops.
The cyclops is heavily wounded.
You scratch the cyclops.
The cyclops is severely wounded.
You block the cyclops's attack.
You mangle the cyclops!!
You kill the cyclops!
No target in view!
S - 14 large rocks (gained 3)
There is an escape hatch in the floor here.
A cyan ugly thing is nearby!
A cyan ugly thing is nearby!
A cyan ugly thing is nearby!
You throw a boomerang.
The boomerang closely misses the cyan ugly thing.
You throw a boomerang. The cyan ugly thing gurgles horribly!
The boomerang hits the cyan ugly thing but does no damage.
There is an escape hatch in the floor here.
Okay, then.
You throw a boomerang. The cyan ugly thing gurgles horribly!
The boomerang hits the cyan ugly thing!
The cyan ugly thing is lightly wounded.
You throw a boomerang. The boomerang hits the cyan ugly thing!
The cyan ugly thing is moderately wounded.
You throw a boomerang.
The boomerang barely misses the cyan ugly thing.
You mangle the cyan ugly thing!!
The cyan ugly thing is heavily wounded.
The cyan ugly thing stings you. The cyan ugly thing shocks you!
You scratch the cyan ugly thing.
The cyan ugly thing is severely wounded.
The cyan ugly thing stings you but does no damage.
You mangle the cyan ugly thing!!
The cyan ugly thing is almost dead.
The cyan ugly thing barely misses you.
You mangle the cyan ugly thing!!
You kill the cyan ugly thing!
You scratch the cyan ugly thing.
The cyan ugly thing is lightly wounded.
You block the cyan ugly thing's attack.
You scratch the cyan ugly thing.
The cyan ugly thing is lightly wounded.
You block the cyan ugly thing's attack.
You mangle the cyan ugly thing!!
The cyan ugly thing is heavily wounded.
You claw the cyan ugly thing!
The cyan ugly thing is heavily wounded.
The cyan ugly thing trunk-slaps you! The cyan ugly thing shocks you!
The cyan ugly thing basks in the mutagenic energy from its kin and changes!
You barely miss the cyan ugly thing.
The cyan ugly thing is heavily wounded.
The cyan ugly thing trunk-slaps you. The cyan ugly thing shocks you!
You closely miss the cyan ugly thing.
The cyan ugly thing is heavily wounded.
The cyan ugly thing trunk-slaps you but does no damage.
A cyclops comes into view.
You closely miss the cyan ugly thing.
The cyan ugly thing is heavily wounded.
The green ugly thing basks in the mutagenic energy from its kin and changes!
The cyan ugly thing trunk-slaps you but does no damage.
The cyclops shouts!
You mangle the cyan ugly thing!!
The cyan ugly thing is almost dead.
The cyan ugly thing trunk-slaps you but does no damage.
You scratch the cyan ugly thing but do no damage.
The cyan ugly thing is almost dead.
The cyan ugly thing trunk-slaps you but does no damage.
You closely miss the cyan ugly thing.
The cyan ugly thing is almost dead.
The cyan ugly thing trunk-slaps you! The cyan ugly thing shocks you!
The cyan ugly thing attacks as you move away!
You block the cyan ugly thing's attack.
The cyan ugly thing basks in the mutagenic energy from its kin and changes!
There is an escape hatch in the ceiling here.
You are too injured to fight recklessly!
Throw: 10 boomerangs
Press: ? - help, Q - select action, (/) - cycle Shift-Dir - straight line, f - red ugly thing
Aim: a red ugly thing (almost dead, 66% to hit)
You throw a boomerang.
The boomerang closely misses the red ugly thing.
The boomerang hits the cyan ugly thing!!
The cyan ugly thing is moderately wounded.
Unknown command.
Throw: 10 boomerangs
Press: ? - help, Q - select action, (/) - cycle Shift-Dir - straight line, f/p - red ugly thing
Aim: a red ugly thing (almost dead, 66% to hit)
You throw a boomerang.
The boomerang barely misses the red ugly thing.
Throw: 10 boomerangs
Press: ? - help, Q - select action, (/) - cycle Shift-Dir - straight line, f/p - red ugly thing
Aim: a red ugly thing (almost dead, 66% to hit)
You throw a boomerang. The boomerang hits the red ugly thing.
The red ugly thing is almost dead.
You mangle the red ugly thing!!
You kill the red ugly thing!
Throw: 10 boomerangs
Press: ? - help, Q - select action, (/) - cycle Shift-Dir - straight line, f - cyclops
Aim: a cyclops, quivering large rocks (88% to hit)
You throw a boomerang. The boomerang hits the cyclops!!
The cyclops is heavily wounded.
The cyclops throws a large rock.
The large rock hits you!
Throw: 10 boomerangs
Press: ? - help, Q - select action, (/) - cycle Shift-Dir - straight line, f/p - cyclops
Aim: a cyclops, quivering large rocks (heavily wounded, 88% to hit)
You throw a boomerang. The boomerang hits the cyclops!!
The cyclops is almost dead.
Throw: 10 boomerangs
Press: ? - help, Q - select action, (/) - cycle Shift-Dir - straight line, f/p - cyclops
Aim: a cyclops, quivering large rocks (almost dead, 88% to hit)
You throw a boomerang. The boomerang hits the cyclops!!
You kill the cyclops!
Throw: 10 boomerangs
Press: ? - help, Q - select action, (/) - cycle Shift-Dir - straight line, f - cyan ugly thing
Aim: a cyan ugly thing (moderately wounded, 66% to hit)
You throw a boomerang. The boomerang hits the cyan ugly thing.
The cyan ugly thing is moderately wounded.
Throw: 10 boomerangs
Press: ? - help, Q - select action, (/) - cycle Shift-Dir - straight line, f/p - cyan ugly thing
Aim: a cyan ugly thing (moderately wounded, 66% to hit)
You throw a boomerang.
The boomerang hits the cyan ugly thing!!
The cyan ugly thing is severely wounded.
Throw: 10 boomerangs
Press: ? - help, Q - select action, (/) - cycle Shift-Dir - straight line, f/p - cyan ugly thing
Aim: a cyan ugly thing (severely wounded, 66% to hit)
You throw a boomerang. The boomerang hits the cyan ugly thing.
The cyan ugly thing is severely wounded.
You barely miss the cyan ugly thing.
The cyan ugly thing is severely wounded.
You block the cyan ugly thing's attack.
You claw the cyan ugly thing!
The cyan ugly thing is almost dead.
You block the cyan ugly thing's attack.
You barely miss the cyan ugly thing.
The cyan ugly thing is almost dead.
You claw the cyan ugly thing!
You kill the cyan ugly thing!
Your Unarmed Combat skill increases to level 14!
You see here an ugly thing corpse.
S - 18 large rocks (gained 4)
You see here a cyclops corpse.
You now have 986 gold pieces (gained 18).
You see here a +0 rapier.
Key pressed, stopping explore.
V - a scroll of identify 2 slime creatures come into view.
Found a stone staircase leading down.
The slime creature quivers.
There are monsters nearby!
You throw a boomerang. The boomerang hits the slime creature!
The slime creature is moderately wounded.
A slime creature comes into view.
You throw a boomerang. The slime creature quivers.
The boomerang hits the slime creature!!
The slime creature is heavily wounded.
A slime creature comes into view.
You throw a boomerang. The slime creature quivers.
The boomerang hits the slime creature!!
The slime creature is almost dead.
You throw a boomerang. The boomerang hits the slime creature!
You kill the slime creature!
You throw a boomerang. The boomerang hits the slime creature!!
The slime creature is heavily wounded.
You throw a boomerang. The boomerang hits the slime creature!
The slime creature is heavily wounded.
You throw a boomerang.
The boomerang barely misses the slime creature.
You throw a boomerang. The boomerang hits the slime creature.
The slime creature is lightly wounded.
You throw a boomerang.
The boomerang hits the slime creature but does no damage.
You mangle the slime creature!!
The slime creature is moderately wounded.
Two slime creatures merge to form a large slime creature.
Two slime creatures merge to form a very large slime creature.
You mangle the very large slime creature!!
The very large slime creature is heavily wounded.
You scratch the very large slime creature.
The very large slime creature is heavily wounded.
The very large slime creature hits you!!!
You completely miss the very large slime creature.
The very large slime creature is heavily wounded.
The very large slime creature hits you!
You are too injured to fight recklessly!
You are too injured to fight recklessly!
The very large slime creature attacks as you move away!
You block the very large slime creature's attack.
Aiming: Fastroot
Press: ? - help, Shift-Dir - straight line, f - you, p - very large slime creature The roots erupt in riotous growth!
The very large slime creature is unaffected.
The very large slime creature misses you.
As you read the scroll of teleportation, it crumbles to dust.
You feel strangely unstable.
The very large slime creature hits you!!!
* * * LOW HITPOINT WARNING * * *
The very large slime creature attacks as you move away!
The very large slime creature hits you!!!
You die...

....... #....... .......
#####... ....... #..##
>...... ####.### .......
####......# .......
####...#####..
.......######....#####..#.
#.##....#### #...#.
##J@.#### #..^.. #..##
#....# ##...## #....#
#.....## #..... ##......##
#....# #........## #....#
## ##.........## #....# .#
#...........### #....# .##
#.##..........###...##


You could see a very large slime creature.

Vanquished Creatures
  An ironbound preserver (D:13)
  A minotaur (Gauntlet)
  2 boulder beetles
  A hydra (D:11)
  Harold (D:9)
  2 centaur warriors
  3 two-headed ogres
  3 death yaks
  Amaemon (D:9)
  6 skeletal warriors
  A glowing orange brain (Gauntlet)
  2 deep elf pyromancers (D:13)
  7 ugly things
  A cyclops (shapeshifter) (D:7)
  3 manticores
  5 cyclopes
  A guardian serpent (shapeshifter) (D:13)
  Joseph (D:7)
  2 gargoyles (D:12)
  Maggie (D:7)
  An orange demon (D:9)
  3 unseen horrors
  Psyche (D:10)
  2 efreet
  2 kobold demonologists
  The ghost of Urdicil the Chopper, an amateur MiBe of Trog (D:3)
  8 trolls
  A hornet (D:11)
  4 slime creatures
  23 yaks
  5 shadows
  3 vampires
  The ghost of nickcage the Chopper, an amateur MiGl (D:3)
  Grum (D:10)
  2 vampire mosquitoes (D:11)
  4 acid dragons
  3 water moccasins
  2 sky beasts
  The ghost of Brisketman the Ducker, an amateur FeTm of Wu Jian (D:3)
  2 ogres
  A swamp drake (D:12)
  7 orc warriors
  2 wolves (D:10)
  6 centaurs
  A phantom (D:6)
  4 bullfrogs
  2 gnoll sergeants
  2 kobold brigands
  5 scorpions
  A necrophage (D:7)
  5 wights
  3 killer bees (D:8)
  The ghost of Jase the Ruffian, a weakling DrTm of Trog (D:3)
  A howler monkey (D:7)
  The ghost of xianbchi the Gusty, a weakling DsAE (D:3)
  8 electric eels (D:6)
  10 orc priests
  2 hounds
  A gnoll bouda (D:7)
  3 iguanas
  18 orc wizards
  2 hell rats (D:10)
  11 gnolls
  2 orc zombies (D:6)
  8 adders
  A white imp (D:7)
  An ufetubus (D:6)
  3 worms (D:3)
  4 dart slugs
  56 orcs
  4 bats
  7 endoplasms
  4 giant cockroaches
  7 goblins
  7 hobgoblins
  7 jackals
  3 quokkas
  4 ball pythons
  2 frilled lizards (D:3)
  10 kobolds
  7 rats
349 creatures vanquished.

Vanquished Creatures (others)
  An orc wizard (D:5)
  35 plants
36 creatures vanquished.

Grand Total: 385 creatures vanquished

Notes
Turn   | Place    | Note
-------+----------+-------------------------------------------
     0 | D:1      | sleeves the Troll Brigand began the quest for the Orb.
     0 | D:1      | Reached XP level 1. HP: 19/19 MP: 0/0
    78 | D:1      | Reached skill level 1 in Unarmed Combat
   149 | D:1      | Reached XP level 2. HP: 23/27 MP: 1/1
   676 | D:1      | Reached skill level 2 in Unarmed Combat
   828 | D:2      | Found Nolav's Antique Weapon Shoppe.
  1108 | D:2      | Found a faded altar of an unknown god.
  1118 | D:2      | Reached XP level 3. HP: 33/33 MP: 2/2
  1436 | D:3      | Reached skill level 3 in Unarmed Combat
  1598 | D:3      | Found a runed translucent gate.
  1849 | D:3      | Reached skill level 4 in Unarmed Combat
  1849 | D:3      | Reached XP level 4. HP: 39/41 MP: 3/3
  2042 | D:3      | Reached XP level 5. HP: 37/48 MP: 4/4
  2184 | D:3      | Found a runed translucent gate.
  2184 | D:3      | Found a runed translucent gate.
  2185 | D:3      | Noticed Brisketman's ghost (amateur FeTm)
  2186 | D:3      | Noticed nickcage's ghost (amateur MiGl)
  2186 | D:3      | Noticed Jase's ghost (weakling DrTm)
  2186 | D:3      | Noticed Urdicil's ghost (amateur MiBe)
  2186 | D:3      | Noticed xianbchi's ghost (weakling DsAE)
  2300 | D:4      | Reached skill level 5 in Unarmed Combat
  2513 | D:4      | Reached skill level 6 in Unarmed Combat
  2513 | D:4      | Reached XP level 6. HP: 52/55 MP: 5/5
  2527 | D:4      | You fall into a shaft and drop 3 floors!
  2578 | D:5      | Entered Level 5 of the Dungeon
  2588 | D:5      | Found a staircase to the Ecumenical Temple.
  2595 | Temple   | Entered the Ecumenical Temple
  2779 | D:4      | Found an ancient bone altar of Kikubaaqudgha.
  3442 | D:5      | Reached skill level 7 in Unarmed Combat
  3566 | D:5      | Noticed nshep25's ghost (novice DrCj)
  3574 | D:5      | Found a runed translucent door.
  3606 | D:5      | Found a burning altar of Makhleb.
  3675 | D:5      | Reached XP level 7. HP: 56/62 MP: 6/6
  3874 | D:5      | Found a blossoming altar of Fedhas.
  4567 | D:6      | Reached skill level 1 in Shields
  4619 | D:6      | Reached skill level 2 in Shields
  4619 | D:6      | Reached skill level 8 in Unarmed Combat
  4632 | D:6      | Found a transporter.
  4687 | D:6      | Found a white marble altar of Elyvilon.
  4687 | D:6      | Found an opulent altar of Gozag.
  4687 | D:6      | Found a sacrificial altar of Ru.
  4749 | D:6      | HP: 23/62 [electric eel/bolt of electricity (18)]
  4755 | D:6      | HP: 7/62 [electric eel/bolt of electricity (9)]
  4844 | D:6      | Reached skill level 3 in Shields
  4850 | D:6      | Reached XP level 8. HP: 58/68 MP: 7/7
  4897 | D:6      | HP: 29/62 [wight/+1 mace (4)]
  5017 | D:6      | HP: 30/66 [electric eel/bolt of electricity (7)]
  5109 | D:6      | Reached skill level 4 in Shields
  5109 | D:6      | Reached skill level 9 in Unarmed Combat
  5182 | D:6      | Became a worshipper of Ru the Awakened
  5221 | D:6      | Found a transporter.
  5243 | D:6      | HP: 35/70 [electric eel/bolt of electricity (10)]
  5315 | D:6      | HP: 35/70 [orc warrior zombie/+1 war axe of venom (3)]
  5321 | D:6      | HP: 24/70 [orc warrior zombie/+1 long sword of venom (13)]
  5326 | D:6      | HP: 27/70 [poisoned by an orc warrior zombie]
  5331 | D:6      | HP: 20/70 [poisoned by an orc warrior zombie]
  5603 | D:7      | Reached skill level 5 in Shields
  5604 | D:7      | Noticed Joseph
  5618 | D:7      | HP: 31/70 [Joseph/+3 quarterstaff of holy wrath (8)]
  5620 | D:7      | Killed Joseph
  5621 | D:7      | Reached XP level 9. HP: 35/76 MP: 8/8
  5666 | D:7      | Reached skill level 10 in Unarmed Combat
  5800 | D:7      | Reached skill level 6 in Shields
  5820 | D:7      | Noticed a troll
  5842 | D:7      | Noticed a troll
  5910 | D:7      | Noticed a salamander
  6083 | D:7      | Killed a troll
  6134 | D:7      | Noticed a cyclops
  6139 | D:7      | Reached skill level 7 in Shields
  6142 | D:7      | Killed a cyclops
  6143 | D:7      | Reached skill level 11 in Unarmed Combat
  6196 | D:7      | Identified the +5 triple sword of the Bouncing Knives
                  | {vorpal, rF+}
  6279 | D:7      | Noticed a troll
  6321 | D:6      | HP: 30/76 [troll (11)]
  6322 | D:6      | Killed a troll
  6390 | D:7      | Noticed Maggie
  6405 | D:7      | HP: 33/76 [Maggie/bolt of fire (11)]
  6406 | D:7      | Killed Maggie
  6407 | D:7      | Reached XP level 10. HP: 37/85 MP: 9/9
  6538 | D:7      | Reached skill level 8 in Shields
  6906 | D:8      | Reached skill level 1 in Dodging
  6931 | D:8      | Gained mutation: You are dopey. (Int -2) [Ru sacrifice]
  7101 | D:8      | Found an iron altar of Okawaru.
  7166 | D:8      | Reached skill level 12 in Unarmed Combat
  7492 | D:8      | Reached skill level 2 in Fighting
  7498 | D:8      | Reached skill level 1 in Armour
  7865 | D:3      | Killed nickcage's ghost
  7883 | D:3      | Killed Urdicil's ghost
  7884 | D:3      | Reached skill level 2 in Throwing
  7884 | D:3      | Killed Brisketman's ghost
  7885 | D:3      | Reached skill level 2 in Dodging
  7886 | D:3      | Killed Jase's ghost
  7889 | D:3      | Killed xianbchi's ghost
  8301 | D:6      | Reached skill level 2 in Armour
  8594 | D:9      | Noticed Harold
  8617 | D:9      | Killed Harold
  8618 | D:9      | Reached skill level 3 in Fighting
  8618 | D:9      | Reached skill level 3 in Throwing
  8701 | D:9      | Reached skill level 3 in Dodging
  8707 | D:9      | Reached XP level 11. HP: 77/97 MP: 10/10
  8785 | D:9      | Reached skill level 3 in Armour
  8941 | D:9      | HP: 49/98 [yak (9)]
  9077 | D:9      | Identified a scroll of acquirement
  9078 | D:9      | Acquired a manual of Throwing
  9113 | D:9      | Reached skill level 4 in Throwing
  9164 | D:9      | Reached skill level 4 in Fighting
  9370 | D:9      | Noticed Amaemon
  9382 | D:9      | HP: 74/150 [poisoned by Amaemon]
  9387 | D:9      | Killed Amaemon
  9387 | D:9      | HP: 69/150 [poisoned by Amaemon]
  9392 | D:9      | HP: 72/150 [poisoned by Amaemon]
  9462 | D:10     | Entered Level 10 of the Dungeon
  9531 | D:10     | Noticed a death yak
  9549 | D:10     | Noticed a death yak
  9571 | D:10     | Killed a death yak
  9585 | D:9      | Killed a death yak
  9586 | D:9      | Reached skill level 5 in Throwing
  9586 | D:9      | Reached skill level 4 in Armour
  9586 | D:9      | Reached skill level 4 in Dodging
  9622 | D:10     | HP: 50/101 [yak (10)]
  9625 | D:10     | Noticed a death yak
  9666 | D:9      | Killed a death yak
  9792 | D:10     | Found a staircase to the Lair.
  9800 | D:10     | Reached skill level 13 in Unarmed Combat
  9967 | D:10     | Noticed Psyche
  9981 | D:10     | Killed Psyche
 10028 | D:10     | Noticed a two-headed ogre
 10038 | D:10     | Killed a two-headed ogre
 10039 | D:10     | Reached skill level 6 in Throwing
 10103 | D:10     | Noticed Grum
 10119 | D:10     | Killed Grum
 10182 | D:10     | Reached skill level 5 in Fighting
 10317 | D:10     | Reached XP level 12. HP: 79/111 MP: 11/11
 10500 | D:10     | Noticed a two-headed ogre
 10500 | D:10     | Noticed a centaur warrior
 10524 | D:10     | Killed a two-headed ogre
 10529 | D:10     | Killed a centaur warrior
 10530 | D:10     | Reached skill level 5 in Dodging
 10637 | D:11     | Reached skill level 5 in Armour
 10676 | D:11     | HP: 51/111 [hornet (7)]
 10678 | D:11     | HP: 12/111 [cyclops (28)]
 10683 | D:10     | HP: 24/111 [poisoned by a hornet]
 10714 | D:11     | Found a gate leading to a gauntlet.
 10720 | Gauntlet | Entered a Gauntlet
 10720 | Gauntlet | Found a transporter.
 10721 | Gauntlet | Found a runed translucent door.
 10723 | Gauntlet | Found a transporter.
 10725 | Gauntlet | Found a runed translucent door.
 10736 | Gauntlet | Found a transporter.
 10740 | Gauntlet | Found a transporter.
 10750 | Gauntlet | Found a transporter.
 10770 | Gauntlet | Found a transporter.
 10783 | Gauntlet | Found a transporter.
 10805 | Gauntlet | Found a transporter.
 10807 | Gauntlet | Found a transporter.
 10815 | Gauntlet | Found a transporter.
 10842 | Gauntlet | Found a transporter.
 10842 | Gauntlet | Found a transporter.
 10880 | Gauntlet | Noticed a catoblepas
 10916 | Gauntlet | Identified the ring of the Trout {rPois rC- Dex+5 SInv}
 10944 | Gauntlet | Noticed a minotaur
 10953 | Gauntlet | Reached skill level 7 in Throwing
 10973 | Gauntlet | HP: 54/111 [minotaur/sling bullet (19)]
 10993 | Gauntlet | HP: 50/111 [minotaur/sling bullet (25)]
 11007 | Gauntlet | Killed a minotaur
 11031 | Gauntlet | Got the Codex of Ghastly Production
 11183 | D:11     | Noticed a five-headed hydra
 11188 | D:11     | HP: 54/111 [five-headed hydra (13)]
 11243 | D:11     | Noticed an eight-headed hydra
 11250 | D:11     | Killed an eight-headed hydra
 11251 | D:11     | Reached skill level 8 in Throwing
 11481 | D:11     | HP: 50/111 [manticore (9)]
 11559 | D:11     | Reached skill level 9 in Throwing
 11971 | D:12     | Noticed a boulder beetle
 11988 | D:11     | Reached skill level 10 in Throwing
 12073 | D:12     | Killed a boulder beetle
 12126 | D:12     | Reached skill level 11 in Throwing
 12353 | D:12     | Found a staircase to the Orcish Mines.
 12470 | D:12     | Reached skill level 12 in Throwing
 12742 | D:12     | Noticed a two-headed ogre
 12752 | D:12     | HP: 52/111 [two-headed ogre/+0 dire flail (28)]
 12754 | D:12     | Killed a two-headed ogre
 12757 | D:12     | HP: 50/111 [unseen horror (5)]
 13020 | D:13     | Noticed a centaur warrior
 13037 | D:13     | Killed a centaur warrior
 13234 | D:13     | Reached XP level 13. HP: 106/119 MP: 12/12
 13297 | D:13     | Reached skill level 13 in Throwing
 13315 | D:13     | Found a gate to the Vaults.
 13315 | D:13     | Noticed an ironbound preserver
 13471 | D:13     | Killed an ironbound preserver
 13847 | D:14     | Reached skill level 6 in Fighting
 13850 | D:14     | HP: 42/120 [skeletal warrior/+0 long sword (24)]
 13856 | D:14     | HP: 9/120 [skeletal warrior/+0 long sword (24)]
 14068 | D:13     | HP: 53/120 [cyan ugly thing (13)]
 14073 | D:13     | Reached skill level 6 in Dodging
 14179 | D:14     | Reached skill level 6 in Armour
 14372 | D:14     | Reached skill level 14 in Unarmed Combat
 14555 | D:14     | HP: 36/122 [very large slime creature (42)]
 14556 | D:14     | Mangled by a very large slime creature

Illustrated notes

Levels and vault maps discovered:
D:1:      minmay_arrival_wavy_path, layout_basic
D:2:      layout_loops_ring, serial_shops, shop,
          hellmonk_ecumenical_altar_blasted
D:3:      minmay_bubble_buster, layout_loops_ring, gammafunk_ghost_cemetery,
          serial_aquarium, aquarium_bridge_island_small
          [aquarium_subvault_small_open, aquarium_subvault_window,
          aquarium_subvault_window, aquarium_subvault_bridge,
          aquarium_subvault_balcony], aquarium_window_corner,
          aquarium_window_corner, aquarium_view_2c, aquarium_view_2d
D:4:      layout_loops_corners, lemuel_tele_altar, hex_large,
          nrook_loot_triangle
D:5:      layout_gridville, bloody_makhleb, fedhas_ov_isle_minmay,
          minmay_temple_entry_offerings, hellmonk_ghost_happy_afterlife,
          reono_crystal_passage, minmay_misc_feat_nine_boxes
D:6:      gammafunk_cloud_chamber, layout_gridville,
          gammafunk_temple_overflow_claw, serial_bayou, serial_bayou_lake_a,
          serial_bayou_shore_a, serial_bayou_ford_a, serial_bayou_pond_e
D:7:      nzn_winding_woodlands_cross [nzn_winding_woodlands_5x15_lazy_stream,
          nzn_winding_woodlands_5x15_garden,
          nzn_winding_woodlands_5x15_longhouse,
          nzn_winding_woodlands_5x15_crooked,
          nzn_winding_woodlands_15x15_thick_spiral], layout_rooms, uniq_joseph,
          uniq_maggie
D:8:      layout_loops_ring, okawaru_ov_weapons_minmay,
          small_chamber_with_monster, minivault_22
D:9:      layout_long_grid, serial_rivers, chequers_serial_rivers_large_b,
          chequers_serial_rivers_small_a, chequers_serial_rivers_micro_e,
          chequers_serial_rivers_micro_e, chequers_serial_rivers_micro_e,
          chequers_serial_rivers_micro_a, uniq_harold, uniq_amaemon
D:10:     minmay_slanted_spiral_squares, layout_irregular_city,
          dpeg_lair_monsters, minivault_21, uniq_grum, uniq_psyche
D:11:     layout_gridville, gauntlet_entry_generic, grunt_ministairs_10
D:12:     layout_loops_ring, erik_orc_1, serial_rivers,
          chequers_serial_rivers_large_a, chequers_serial_rivers_micro_c,
          chequers_serial_rivers_micro_c, chequers_serial_rivers_micro_c
D:13:     layout_roguey, skrybe_vaults_entry_preservation
D:14:     layout_cave_pods, nicolae_water_bricks
Temple:   nicolae_temple_superstar

Skill      XL: |  1  2  3  4  5  6  7  8  9 10 11 12 13 |
---------------+----------------------------------------+-----
Unarmed Combat | 1 2 4 6 7 8 9 11 12 13 14 | 14.0
Shields        | 3 5 7 8 |  8.2
Dodging        | 3 4 5 6 |  6.3
Fighting       | 3 5 6 |  6.5
Armour         | 2 4 5 6 |  6.2
Throwing       | 3 6 12 13 | 13.0
Short Blades   | |  1.5
Stealth        | |  2.1

Action                   |  1- 3 |  4- 6 |  7- 9 | 10-12 | 13-15 || total
-------------------------+-------+-------+-------+-------+-------++-------
Melee: Unarmed           |   106 |   137 |   268 |   671 |   143 ||  1325
       Punch             |     1 |     4 |       |       |       ||     5
Throw: Dart              |       |       |    17 |    56 |       ||    73
       Boomerang         |       |       |       |    49 |    51 ||   100
       Javelin           |       |       |       |     5 |       ||     5
Invok: Sacrifice Purity  |       |       |       |     1 |       ||     1
       Reject Sacrifices |       |       |       |     1 |       ||     1
Evoke: Wand              |       |       |       |       |     1 ||     1
  Use: Scroll            |       |       |    16 |    14 |     1 ||    31
       Potion            |       |       |     5 |     3 |     1 ||     9
 Stab: Sleeping          |     9 |     6 |     2 |     6 |     1 ||    24
       Distracted        |       |       |       |     1 |       ||     1
       Invisible         |       |       |       |     1 |       ||     1
Armor: Robe              |    31 |    43 |    52 |       |       ||   126
       Troll leather arm |       |       |       |   179 |    15 ||   194
       Acid dragon scale |       |       |       |     5 |       ||     5
       Skin              |       |       |       |     7 |       ||     7
Dodge: Dodged            |    42 |    56 |    80 |   244 |    31 ||   453
Block: Kite shield       |       |       |    88 |   344 |    45 ||   477
